 Dungeon Crawl Stone Soup version 0.18.1-48-g4cf74bf (webtiles) character file.

11908 Joat the Martial Artist (level 11, 6/72 HPs)
             Began as an Octopode Transmuter on Aug 17, 2016.
             Was a High Priest of Sif Muna.
             Quit the game on level 11 of the Dungeon.
             The game lasted 01:36:59 (16720 turns).

Joat the Martial Artist (Octopode Transmuter)      Turns: 16720, Time: 01:37:00

Health: 6/72       AC:  2    Str: 10    XL:     11   Next: 85%
Magic:  2/20       EV: 29    Int: 16    God:    Sif Muna [*****.]
Gold:   643        SH:  0    Dex: 26    Spells: 6 memorised, 9 levels left

rFire  . . .     SeeInvis +       - Unarmed
rCold  . . .     Gourm    .     (shield currently unavailable)
rNeg   + . .     Faith    .     (helmet currently unavailable)
rPois  x         Spirit   +     v - amulet "Dih Son" {Spirit Dex+6}
rElec  .         Dismiss  .     t - ring of see invisible
rCorr  +         Reflect  .     d - ring "Zyhaps" {rCorr +Inv MR+}
SustAt .         Harm     .     q - ring of positive energy
MR     +....                    (no ring)
Stlth  ++++......               (no ring)
                                (no ring)
                                (no ring)
                                (no ring)

@: lethally poisoned (6 -> -11), spider-form, slowed, repel missiles, very slow,
somewhat resistant to hostile enchantments, stealthy
A: almost no armour, (amphibious), 8 rings, (constrict 8), (camouflage 0),
(gelatinous body 0)
a: End Transformation, Channel Energy, Forget Spell, Renounce Religion, Evoke
Invisibility


You were on level 11 of the Dungeon.
You worshipped Sif Muna.
Sif Muna was extremely pleased with you.
You were not hungry.
You were a venomous arachnid creature.
You visited 2 branches of the dungeon, and saw 12 of its levels.
You also visited: Ossuary.

You collected 763 gold pieces.
You spent 120 gold pieces at shops.

Inventory:

Armour
 i - a +0 shield
 G - a +1 buckler (melded)
Magical Staves
 E - an uncursed staff of energy (melded)
Jewellery
 d - the ring "Zyhaps" (right front leg) {rCorr +Inv MR+}
   (You found it on level 10 of the Dungeon)

   [ring of resist corrosion]

   It affects your resistance to hostile enchantments.
   It lets you turn invisible.
 q - a ring of positive energy (on tentacle)
 t - a ring of see invisible (left front leg)
 v - the amulet "Dih Son" (around neck) {Spirit Dex+6}
   (You found it on level 9 of the Dungeon)

   [amulet of guardian spirit]

   It causes incoming damage to be split between your health and magic.
   It affects your dexterity (+6).
Wands
 x - a wand of lightning (7/15)
 F - a wand of iceblast (1/15)
 H - a wand of polymorph (7/24)
 K - a wand of slowing (18/48)
 M - a wand of heal wounds (2/9)
Scrolls
 e - 3 scrolls of identify
 f - 7 scrolls of remove curse
 r - 2 scrolls of fog
 w - 4 scrolls of teleportation
Potions
 a - a potion of cure mutation
 g - 4 potions of curing
 h - 3 potions of brilliance
 j - 2 potions of degeneration
 k - a potion of flight {unknown}
 n - a potion of haste
 A - 2 potions of lignification
 C - 2 potions of magic
Books
 b - a book of Changes

   Spells                             Type                      Level
   a - Beastly Appendage              Transmutation                1
   b - Sticks to Snakes               Transmutation                2
   c - Spider Form                    Transmutation/Poison         3
   d - Ice Form                       Ice/Transmutation            4
   e - Blade Hands                    Transmutation                5
 m - a book of the Dragon

   Spells                             Type                      Level
   a - Flame Tongue                   Conjuration/Fire             1
   b - Cause Fear                     Hexes                        4
   c - Bolt of Fire                   Conjuration/Fire             6
   d - Dragon Form                    Transmutation                7
   e - Dragon's Call                  Summoning                    9
 s - a book of Cantrips

   Spells                             Type                      Level
   a - Corona                         Hexes                        1
   b - Animate Skeleton               Necromancy                   1
   c - Summon Small Mammal            Summoning                    1
   d - Apportation                    Translocation                1
 B - a book of Air

   Spells                             Type                      Level
   a - Shock                          Conjuration/Air              1
   b - Swiftness                      Charms/Air                   2
   c - Repel Missiles                 Charms/Air                   2
   d - Static Discharge               Conjuration/Air              3
   e - Lightning Bolt                 Conjuration/Air              5
 I - a book of the Warp

   Spells                             Type                      Level
   a - Recall                         Summoning/Translocation      3
   b - Gell's Gravitas                Hexes/Translocation          3
   c - Force Lance                    Conjuration/Translocation    4
   d - Warp Weapon                    Charms/Translocation         5
   e - Summon Forest                  Summoning/Translocation      5
 J - a Necronomicon

   Spells                             Type                      Level
   a - Haunt                          Necromancy/Summoning         7
   b - Borgnjor's Revivification      Necromancy                   8
   c - Death's Door                   Charms/Necromancy            8
   d - Necromutation                  Transmutation/Necromancy     8
Comestibles
 c - 5 bread rations
 p - a beef jerky
 z - 3 fruits
 N - 7 royal jellies


   Skills:
 - Level 5.6 Fighting
 - Level 6.6 Dodging
 + Level 4.7 Stealth
 - Level 4.5 Shields
 - Level 8.4 Unarmed Combat
 - Level 6.2 Spellcasting
 - Level 1.7 Hexes
 - Level 7.6 Transmutations
 - Level 5.4 Ice Magic
 - Level 8.3 Poison Magic


You had 9 spell levels left.
You knew the following spells:

 Your Spells              Type           Power        Failure   Level  Hunger
a - Corona                Hex            ##.....      24%         1    None
c - Ice Form              Ice/Trmt       ####....     28%         4    ####...
d - Repel Missiles        Chrm/Air       #.....       41%         2    None
q - Beastly Appendage     Trmt           ####..       4%          1    None
s - Swiftness             Chrm/Air       #.......     41%         2    None
v - Spider Form           Trmt/Pois      ####......   6%          3    ##.....


Dungeon Overview and Level Annotations

Branches:
Dungeon (11/15)            Temple (1/1) D:4            Lair (0/8) D:11
    Orc (0/2) D:9

Altars:
Ashenzari
Cheibriados
Dithmenos
Fedhas
Gozag
Kikubaaqudgha
Makhleb
Nemelex Xobeh
Okawaru
Qazlal
Ru
Sif Muna
Vehumet
Xom
Yredelemnul
Zin
The Shining One

Shops:
D:9 [   D:10 ?

Annotations:
D:7 Pikel


Innate Abilities, Weirdness & Mutations

You cannot wear most types of armour.
((You are amphibious.))
You can wear up to eight rings at the same time.
((You can use your tentacles to constrict eight enemies at once.))
((Your skin changes colour to match your surroundings (Stealth).))
((Your rubbery body absorbs attacks (AC +1).))


Message History

The guardian serpent casts a spell.
The eight-headed hydra blinks!
The eight-headed hydra completely misses you. x3
The eight-headed hydra misses you.
The eight-headed hydra completely misses you.
The eight-headed hydra barely misses you. x2
The eight-headed hydra bites you. The guardian serpent hits you.
The guardian serpent coils itself and waves its upper body at you.
The bolt of poison hits you!
You are poisoned.
* * * LOW HITPOINT WARNING * * *
The guardian serpent barely misses you.
The eight-headed hydra barely misses you.
The eight-headed hydra bites you.
* * * LOW HITPOINT WARNING * * *
The eight-headed hydra barely misses you. x2
The eight-headed hydra misses you. x2
The eight-headed hydra closely misses you.
The eight-headed hydra misses you.
Are you sure you want to abandon this character and quit the game? (Confirm with "yes".)

.# #..................C... .#
############........>.. .#
........... .# S.......... .#
........... .# ....o......
.#####################...........
.................................
#...............s................
#..............DS.............?..
#.......###......................
'.......# #..................)...
#.......# #..........(...........
........# #####################..
######### ###


You could see an eight-headed hydra and a guardian serpent.

Vanquished Creatures
  Nergalle (D:10)
  2 unseen horrors
  A manticore (D:11)
  Joseph (D:8)
  Psyche (D:8)
  A guardian serpent (D:11)
  A troll (D:9)
  A queen bee (D:9)
  2 two-headed ogres
  Grinder (D:6)
  Prince Ribbit (D:8)
  A steam dragon (D:11)
  A wraith (D:10)
  A hungry ghost (D:8)
  2 hippogriffs
  Menkaure (D:7)
  6 orc warriors
  A porcupine (D:11)
  2 sky beasts
  5 ice beasts
  A black bear (D:11)
  3 phantoms
  An eye of draining (D:9)
  11 ogres
  A wasp (D:9)
  4 centaurs
  2 giant frogs
  4 water moccasin zombies (Ossuary)
  A water moccasin skeleton (D:7)
  3 scorpions
  23 killer bees
  3 howler monkeys (D:8)
  7 wights
  8 crimson imps
  A quasit (D:10)
  4 centaur skeletons
  A giant frog zombie (D:5)
  3 jellies
  4 giant frog skeletons
  13 hounds
  4 orc priests
  5 orc wizards
  4 iguanas
  9 worker ants
  3 big kobold zombies (Ossuary)
  A hound zombie (D:10)
  2 mummies (Ossuary)
  A worker ant zombie (D:11)
  9 gnolls
  12 adders
  A shadow imp (D:5)
  2 oozes
  2 adder skeletons
  6 adder zombies
  3 worms
  A dart slug (D:1)
  3 giant geckos
  29 orcs
  6 bats
  8 giant cockroaches
  5 gnoll zombies (Ossuary)
  8 goblins
  4 hobgoblins
  7 jackals
  4 quokkas
  2 ball pythons (D:3)
  A giant gecko skeleton (D:5)
  5 giant newts
  5 hobgoblin zombies (Ossuary)
  5 kobolds
  4 kobold zombies (Ossuary)
  6 orc zombies (Ossuary)
  A quokka zombie (D:5)
  6 rats
305 creatures vanquished.

Vanquished Creatures (others)
  A giant gecko (D:11)
1 creature vanquished.

Grand Total: 306 creatures vanquished

Notes
Turn   | Place    | Note
--------------------------------------------------------------
     0 | D:1      | Joat the Octopode Transmuter began the quest for the Orb.
     0 | D:1      | Reached XP level 1. HP: 13/13 MP: 3/3
    10 | D:1      | Noticed a giant frog
   189 | D:1      | Reached XP level 2. HP: 3/18 MP: 5/5
   983 | D:2      | Reached XP level 3. HP: 23/23 MP: 6/6
  1521 | D:2      | Reached XP level 4. HP: 26/29 MP: 7/7
  1845 | D:3      | Found an opulent altar of Gozag.
  1988 | D:3      | Learned a level 3 spell: Spider Form
  2080 | D:3      | Reached skill level 1 in Poison Magic
  2349 | D:3      | Reached XP level 5. HP: 18/34 MP: 4/8
  2979 | D:4      | Noticed a centaur
  3075 | D:4      | Found a shadowy altar of Dithmenos.
  3085 | D:4      | Killed a centaur
  3085 | D:4      | Reached skill level 5 in Unarmed Combat
  3085 | D:4      | Reached XP level 6. HP: 20/41 MP: 6/9
  3402 | D:4      | Found a staircase to the Ecumenical Temple.
  3408 | Temple   | Entered the Ecumenical Temple
  3417 | Temple   | Became a worshipper of Sif Muna the Loreminder
  3449 | D:4      | Found a burning altar of Makhleb.
  3593 | D:5      | Entered Level 5 of the Dungeon
  3712 | D:5      | Noticed a phantom
  3712 | D:5      | Noticed a phantom
  3911 | D:5      | Reached XP level 7. HP: 30/46 MP: 6/10
  4883 | D:5      | Reached XP level 8. HP: 44/52 MP: 7/11
  5050 | D:5      | HP: 1/52 [phantom (8)]
  5054 | D:5      | Reached * piety under Sif Muna
  5376 | D:5      | Reached skill level 5 in Poison Magic
  5654 | D:5      | Found a sacrificial altar of Ru.
  5663 | D:5      | Found a blossoming altar of Fedhas.
  5672 | D:5      | Found a shimmering altar of Xom.
  5681 | D:5      | Found a radiant altar of Vehumet.
  5688 | D:5      | Found an ancient bone altar of Kikubaaqudgha.
  5693 | D:5      | Found a stormy altar of Qazlal.
  5700 | D:5      | Found a glowing silver altar of Zin.
  6238 | D:6      | Learned a level 1 spell: Corona
  6317 | D:6      | Reached skill level 1 in Hexes
  6488 | D:6      | Reached skill level 5 in Dodging
  6488 | D:6      | Reached skill level 1 in Stealth
  6488 | D:6      | Reached XP level 9. HP: 58/58 MP: 6/12
  6559 | D:6      | Noticed Grinder
  6560 | D:6      | Paralysed by Grinder for 5 turns
  6574 | D:6      | Killed Grinder
  6957 | D:6      | Reached skill level 5 in Transmutations
  7038 | D:6      | Found a glowing golden altar of the Shining One.
  7048 | D:6      | Reached ** piety under Sif Muna
  7295 | D:6      | Learned a level 4 spell: Ice Form
  7662 | D:7      | Reached skill level 1 in Ice Magic
  7713 | D:7      | Gained mutation: You have a pair of small antennae on your head. [potion of mutation]
  7713 | D:7      | Gained mutation: Your body sometimes deteriorates upon taking damage. [potion of mutation]
  7713 | D:7      | Gained mutation: You are dopey. (Int -2) [potion of mutation]
  8515 | D:7      | Found a sparkling altar of Nemelex Xobeh.
  8589 | D:7      | Noticed Menkaure
  8600 | D:7      | Killed Menkaure
  9019 | D:7      | Noticed Pikel
  9038 | D:8      | Noticed Psyche
  9051 | D:8      | Killed Psyche
  9051 | D:8      | Reached XP level 10. HP: 57/65 MP: 11/16
  9063 | D:8      | Found a sand-covered staircase.
  9071 | Ossuary  | Entered an ossuary
  9564 | D:8      | Noticed Joseph
  9597 | D:8      | Reached *** piety under Sif Muna
  9620 | D:8      | Killed Joseph
  9966 | D:8      | Reached skill level 5 in Fighting
 10210 | D:8      | Found an iron altar of Okawaru.
 10542 | D:8      | Reached skill level 5 in Spellcasting
 10543 | D:8      | Noticed Prince Ribbit
 10574 | D:8      | Killed Prince Ribbit
 10834 | D:9      | Found Jumpex's Armour Emporium.
 10834 | D:9      | Found a staircase to the Orcish Mines.
 10834 | D:9      | Noticed an unseen horror
 11448 | D:9      | Lost mutation: You have a pair of small antennae on your head. [potion of cure mutation]
 11448 | D:9      | Lost mutation: You are dopey. (Int -2) [potion of cure mutation]
 11448 | D:9      | Lost mutation: Your body sometimes deteriorates upon taking damage. [potion of cure mutation]
 11566 | D:9      | Reached **** piety under Sif Muna
 11663 | D:9      | Killed an unseen horror
 11663 | D:9      | Reached XP level 11. HP: 46/72 MP: 14/19
 12475 | D:9      | Got a faintly glowing ruby amulet
 12476 | D:9      | Identified the amulet "Dih Son" {Spirit Dex+6} (You found it on level 9 of the Dungeon)
 12935 | D:9      | Reached ***** piety under Sif Muna
 13421 | D:10     | Entered Level 10 of the Dungeon
 13498 | D:10     | Noticed Nergalle
 13673 | D:10     | Noticed a spectral orc warlord
 14006 | D:10     | Killed Nergalle
 14006 | D:10     | Reached skill level 5 in Ice Magic
 14018 | D:10     | Noticed an unseen horror
 14032 | D:10     | Killed an unseen horror
 14081 | D:10     | Found Besk's Magic Scroll Emporium.
 14096 | D:10     | Bought a scroll of teleportation for 45 gold pieces
 14096 | D:10     | Bought a scroll of fog for 30 gold pieces
 14096 | D:10     | Bought a scroll of teleportation for 45 gold pieces
 14273 | D:10     | Got a translucent bone ring
 14274 | D:10     | Identified the ring "Zyhaps" {rCorr +Inv MR+} (You found it on level 10 of the Dungeon)
 14377 | D:10     | Found a blossoming altar of Fedhas.
 14668 | D:10     | Noticed a hill giant
 15017 | D:11     | Reached skill level 1 in Shields
 15076 | D:11     | Learned a level 2 spell: Repel Missiles
 15106 | D:11     | Found a staircase to the Lair.
 15131 | D:11     | Noticed a manticore
 16523 | D:11     | Killed a manticore
 16530 | D:11     | Noticed an eight-headed hydra
 16561 | D:11     | Noticed a hill giant
 16685 | D:11     | Learned a level 2 spell: Swiftness
 16720 | D:11     | Quit the game

Skill      XL: |  1  2  3  4  5  6  7  8  9 10 11 |
---------------+----------------------------------+-----
Fighting       | 2 3 4 5 |  5.6
Unarmed Combat | 4 5 6 7 8 |  8.4
Dodging        | 3 4 5 6 |  6.6
Poison Magic   | 1 2 3 4 5 6 7 8 |  8.3
Transmutations | 3 4 5 7 |  7.6
Hexes          | 1 |  1.7
Stealth        | 1 3 4 |  4.7
Spellcasting   | 4 5 6 |  6.2
Ice Magic      | 2 4 5 |  5.4
Shields        | 4 |  4.5

Action                   |  1- 3 |  4- 6 |  7- 9 | 10-12 || total
-------------------------+-------+-------+-------+-------++-------
Melee: Mace              |    11 |       |       |       ||    11
       Constrict         |    17 |    18 |    23 |    40 ||    98
       Unarmed           |    55 |    99 |   360 |   623 ||  1137
       Tentacles         |    11 |    14 |    31 |    44 ||   100
       Punch             |       |     2 |    11 |    11 ||    24
       Kick              |       |       |    17 |    45 ||    62
       Staff             |       |       |     8 |     3 ||    11
 Cast: Spider Form       |       |     4 |    26 |    31 ||    61
       Beastly Appendage |       |       |    11 |    21 ||    32
       Corona            |       |       |    13 |    46 ||    59
       Ice Form          |       |       |       |    18 ||    18
       Repel Missiles    |       |       |       |     2 ||     2
 Abil: End Transformatio |       |       |       |    10 ||    10
Evoke: Wand              |       |       |     2 |       ||     2
  Use: Scroll            |     1 |       |     5 |    16 ||    22
       Potion            |       |       |     7 |    13 ||    20
 Stab: Sleeping          |     4 |     6 |     8 |     6 ||    24
       Distracted        |       |       |       |     1 ||     1
  Eat: Chunk             |     2 |     8 |    13 |    13 ||    36
       Pizza             |       |       |     1 |       ||     1
       Meat ration       |       |       |     1 |     4 ||     5
Armor: Skin              |     5 |     2 |    11 |    69 ||    87
Dodge: Dodged            |    33 |    58 |   234 |   587 ||   912
       Deflected         |       |       |       |     1 ||     1
Block: Buckler           |       |       |       |     2 ||     2
